 Dungeon Crawl Stone Soup version 0.31-a0-486-g8d68a81214 (webtiles) character file.

Game seed: 2760976321260786143

38 MisterAzrael the Stinger (level 3, 0/19 HPs)
             Began as a Deep Elf Venom Mage on Aug 7, 2023.
             Succumbed to an adder's poison
             ... on level 2 of the Dungeon.
             The game lasted 00:02:57 (1350 turns).

MisterAzrael the Stinger (Deep Elf Venom Mage)      Turns: 1350, Time: 00:02:58

Health: 0/19       AC:  1    Str:  5    XL:     3   Next: 25%
Magic:  1/10       EV: 12    Int: 21    God:
Gold:   39         SH:  0    Dex: 15    Spells: 6/9 levels left

rFire   . . .        (no weapon)
rCold   . . .        (no shield)
rNeg    . . .        a - +0 robe
rPois   .            (no helmet)
rElec   .            (no cloak)
rCorr   .            (no gloves)
SInv    .            (no boots)
Will    .....        (no amulet)
Stlth   ++           (no ring)
HPRegen 0.23/turn    (no ring)
MPRegen 0.12/turn

%: no passive effects
@: brilliant, lethally poisoned (0 -> -2), very slightly contaminated
A: deformed body
a: no special abilities


You were on level 2 of the Dungeon.
You visited 1 branch of the dungeon, and saw 2 of its levels.

You collected 39 gold pieces.

Inventory:

Armour
 a - a +0 robe (worn)
Scrolls
 e - a scroll of enchant weapon {unknown}
Potions
 b - a potion of magic
 d - a potion of attraction {unknown}
 f - a potion of brilliance
 g - a potion of might {unknown}
 h - a potion of lignification {unknown}


   Skills:
 - Level 2.6 Dodging
 - Level 2.6 Stealth
 + Level 3.5 Spellcasting
 + Level 1.9 Transmutations
 * Level 4.0 Poison Magic


You had 6 spell levels left.
You knew the following spells:

 Your Spells              Type           Power      Damage    Failure   Level
a - Sting                 Tmut/Pois      96%        1d7       3%          1
b - Poisonous Vapours     Pois/Air       36%        N/A       9%          2

Your spell library contained the following spells:

 Spells                   Type           Power      Damage    Failure   Level
 Mephitic Cloud           Conj/Pois/Air  14%        N/A       22%         3
 Olgreb's Toxic Radiance  Pois           30%        N/A       24%         4


Dungeon Overview and Level Annotations

Branches:
Dungeon (2/15)

Altars:

Shops:
D:1 ?   D:2 :


Innate Abilities, Weirdness & Mutations

Armour fits poorly on your strangely shaped body.


Message History

The sting hits the adder.
The adder looks even sicker.
The adder is lightly wounded.
The adder bites you but does no damage.
You are out of magic!
The adder attacks as you move away! The adder closely misses you.
The adder attacks as you move away! The adder bites you.
You are poisoned.
The adder poisons you!
You feel sick. The adder misses you.
You feel sick. The adder attacks as you move away! The adder bites you.
You feel sick.
You hit the adder.
The adder is moderately wounded.
You feel sick. The adder barely misses you.
You completely miss the adder.
The adder is heavily wounded.
You feel sick. The adder bites you.
* * * LOW HITPOINT WARNING * * *
The adder bites you but does no damage.
You miss the adder.
The adder is heavily wounded.
You feel sick.
You are no longer poisoned.
The adder completely misses you.
You hit the adder but do no damage.
The adder is severely wounded.
The adder closely misses you.
You closely miss the adder.
The adder is severely wounded.
The adder bites you but does no damage. The adder bites you.
* * * LOW HITPOINT WARNING * * *
You are lethally poisoned!
The adder poisons you!
It was a potion of brilliance.
You feel clever all of a sudden.
* * * LOW HITPOINT WARNING * * *
You feel sick.
The adder looks more healthy.
The adder bites you.
* * * LOW HITPOINT WARNING * * *
It was a potion of mutation.
You feel extremely strange.
Your body twists and deforms.
You die...

......###
##...........# #....
#....#.#
.....##....#.######.
....................
#.....##.....#####.
.#..............###.
..........÷.÷.......
#.....@S...<.##....
#..................
##...........##....
##........### ...
##..####... .. ...∩
##### . ##..# #.#


You could see an adder.

Vanquished Creatures
  A worm (D:2)
  3 endoplasms (D:1)
  8 goblins (D:1)
  A hobgoblin (D:1)
  3 jackals (D:1)
  4 kobolds (D:1)
  2 ball pythons (D:1)
  5 bats
  2 frilled lizards (D:1)
  A rat (D:2)
30 creatures vanquished.

Notes
Turn   | Place    | Note
-------+----------+-------------------------------------------
     0 | D:1      | MisterAzrael the Deep Elf Venom Mage began the quest for
                  | the Orb.
     0 | D:1      | Reached XP level 1. HP: 10/10 MP: 6/6
   187 | D:1      | Reached XP level 2. HP: 12/15 MP: 1/8
   246 | D:1      | Learned a level 2 spell: Poisonous Vapours
   835 | D:1      | Found Ewnokoup's Magic Scroll Shoppe.
   929 | D:1      | Reached XP level 3. HP: 17/19 MP: 0/9
  1116 | D:2      | Found Xovva's Book Emporium.
  1235 | D:1      | Reached skill level 4 in Poison Magic
  1350 | D:2      | Gained mutation: Armour fits poorly on your strangely
                  | shaped body. [potion of mutation]
  1350 | D:2      | Succumbed to an adder's poison

Illustrated notes

Levels and vault maps discovered:
D:1:      amcnicky_arrival_underground_garden, layout_rooms,
          serial_corexii_hall, corexii_hall_statues_l, corexii_hall_statues_s,
          corexii_hall_statues_deadend, chequers_hall_statues_wall_a,
          serial_shops, shop
D:2:      layout_rooms, serial_shops, shop, uniq_terence, uniq_sigmund

Skill      XL: |  1  2  3 |
---------------+----------+-----
Poison Magic   | 4 |  4.0
Dodging        | |  2.6
Stealth        | |  2.6
Spellcasting   | |  3.5
Transmutations | |  1.9

Action                     || total
---------------------------++-------
  Melee: Unarmed           ||    18
   Cast: Sting             ||    26
         Poisonous Vapours ||    32
    Use: Potion            ||     2
 Armour: Robe              ||    14
  Dodge: Dodged            ||    42

Table legend: (Time is in decaauts)
 A = Elapsed time spent in this place.
 B = Non-inter-level travel time spent in this place.
 C = Inter-level travel time spent in this place.
 D = Time resting spent in this place.
 E = Time spent auto-exploring this place.
 F = Levels seen in this place.
 G = Mean time per level.
                   A        B        C        D        E       F      G
               +--------+--------+--------+--------+--------+-----+--------+
         Total |   1351 |   1315 |     36 |    356 |    709 |   2 |  675.5 |
       Dungeon |   1351 |   1315 |     36 |    356 |    709 |   2 |  675.5 |
               +--------+--------+--------+--------+--------+-----+--------+

Top non-repeatable levels by time:
     D:1: 1286 daAuts
     D:2: 65 daAuts
